 Dungeon Crawl Stone Soup version 0.30-a0-847-g17996783a1 (webtiles) character file.

Game seed: 11368466995058581727

146 holysushi the Cutter (level 5, 0/41 HPs)
             Began as a Demonspawn Monk on Mar 3, 2023.
             Slain by a scorpion (7 damage)
             ... on level 3 of the Dungeon.
             The game lasted 00:02:49 (2418 turns).

holysushi the Cutter (Demonspawn Monk)              Turns: 2418, Time: 00:02:49

Health: 0/41       AC:  3    Str: 11    XL:     5   Next: 7%
Magic:  5/5        EV: 13    Int: 11    God:
Gold:   118        SH:  0    Dex: 18    Spells: 4/4 levels left

rFire   . . .      SeeInvis .    a - +0 short sword
rCold   . . .      Faith    .    (no shield)
rNeg    . . .      Spirit   .    b - +0 robe
rPois   .          Reflect  .    (no helmet)
rElec   .          Rampage  .    (no cloak)
rCorr   .                        j - +0 pair of gloves
Will    .....                    (no boots)
Stlth   ++                       (no amulet)
HPRegen 0.26/turn                k - +4 ring of slaying
MPRegen 0.09/turn                (no ring)

@: lethally poisoned (0 -> -13), flying
A: powered by death 1, powered by pain 1
a: no special abilities


You were on level 3 of the Dungeon.
You visited 1 branch of the dungeon, and saw 3 of its levels.

You collected 118 gold pieces.

Inventory:

Hand Weapons
 a - a +0 short sword (weapon)
 f - a +2 mace of draining
Armour
 b - a +0 robe (worn)
 j - a +0 pair of gloves (worn)
Jewellery
 k - a +4 ring of slaying (left hand)
Scrolls
 e - a scroll of blinking {unknown}
 g - 2 scrolls of identify
 i - a scroll of teleportation {unknown}
 l - 3 scrolls of vulnerability {unknown}
 m - 2 scrolls of poison
 o - a scroll of enchant weapon {unknown}
 p - a scroll of enchant armour {unknown}
Potions
 c - 3 potions of ambrosia
 d - a potion of flight
 h - 2 potions of brilliance {unknown}
 n - a potion of haste {unknown}


   Skills:
 - Level 3.0 Fighting
 + Level 5.3 Short Blades
 - Level 2.6 Dodging
 - Level 1.7 Stealth


You had 4 spell levels left.
You didn't know any spells.
Your spell library contained the following spells:

 Spells                   Type           Power      Damage    Failure   Level
 Apportation              Tloc           0%         N/A       34%         1
 Necrotise                Necr           0%         1d4       34%         1
 Summon Small Mammal      Summ           0%         N/A       34%         1
 Static Discharge         Conj/Air       0%         2-2/arc   47%         2
 Inner Flame              Hex/Fire       0%         N/A       71%         3
 Portal Projectile        Hex/Tloc       0%         N/A       71%         3
 Tukima's Dance           Hex            0%         N/A       71%         3
 Vhi's Electric Charge    Tloc/Air       0%         N/A       71%         3
 Cause Fear               Hex            0%         N/A       98%         4
 Arcjolt                  Conj/Air       0%         1d10      100%        5
 Blade Hands              Tmut           0%         N/A       100%        5
 Lightning Bolt           Conj/Air       0%         1d11      100%        5
 Discord                  Hex            0%         N/A       100%        8


Dungeon Overview and Level Annotations

Branches:
Dungeon (3/15) Zot: 15603

Altars:
Hepliaklqana
Sif Muna


Innate Abilities, Weirdness & Mutations

You regenerate a little health from kills.
You sometimes gain a little power by taking damage.


Message History

A scorpion is nearby!
A scorpion is nearby!
A scorpion is nearby!
A ball python comes into view.
Found a jewelled spear.
The ball python hisses angrily.
The scorpion stings you. The ball python closely misses you.
The ball python barely misses you.
You hit the scorpion.
The scorpion is lightly wounded.
The scorpion stings you.
You are poisoned.
The scorpion poisons you! The ball python bites you.
The ball python barely misses you.
You hit the ball python.
You kill the ball python!
You feel sick. The scorpion barely misses you.
You hit the scorpion but do no damage.
The scorpion is lightly wounded.
You feel sick. The scorpion stings you!
You closely miss the scorpion.
The scorpion is lightly wounded.
You feel sick.
You puncture the scorpion!
The scorpion is heavily wounded.
You feel sick. The scorpion stings you.
You are lethally poisoned!
The scorpion poisons you!
You puncture the scorpion!
The scorpion is almost dead.
* * * LOW HITPOINT WARNING * * *
You feel very sick. The scorpion closely misses you.
It was a potion of flight.
You feel very buoyant.
You fly up into the air.
* * * LOW HITPOINT WARNING * * *
You feel very sick. The scorpion stings you!
You die...

#......########.....##
#.........#####.#####
#......##.#.....######
#......##............#
#......##............#
#......###...........#
#.....># #...........#
###...## #...........#
###.# #......@†...#
#.......s...#
#.......[...#
#...........#
#...........#
##............
#..)...#..##.#
#......#... .# #


You could see a scorpion.

Vanquished Creatures
  A scorpion (D:3)
  Ijyb (D:2)
  An adder (D:3)
  3 worms
  A dart slug (D:3)
  2 endoplasms
  A giant cockroach (D:2)
  8 goblins
  5 hobgoblins
  8 ball pythons
  5 bats
  A frilled lizard (D:1)
  5 kobolds
42 creatures vanquished.

Notes
Turn   | Place    | Note
-------+----------+-------------------------------------------
     0 | D:1      | holysushi the Demonspawn Monk began the quest for the Orb.
     0 | D:1      | Reached XP level 1. HP: 18/18 MP: 1/1
   180 | D:1      | Reached skill level 3 in Short Blades
   324 | D:1      | Gained mutation: You regenerate a little health from kills.
                  | [demonic ancestry]
   324 | D:1      | Reached XP level 2. HP: 22/24 MP: 2/2
   422 | D:1      | Found a hazy altar of Hepliaklqana.
  1134 | D:2      | Found a faded altar of an unknown god.
  1412 | D:2      | Reached XP level 3. HP: 29/29 MP: 3/3
  1656 | D:2      | Reached skill level 4 in Short Blades
  1808 | D:3      | Noticed Ijyb
  1815 | D:3      | Paralysed by Ijyb for 5 turns
  1985 | D:2      | Killed Ijyb
  2023 | D:3      | Gained mutation: You sometimes gain a little power by
                  | taking damage. [demonic ancestry]
  2023 | D:3      | Reached XP level 4. HP: 35/35 MP: 4/4
  2192 | D:3      | Found a shimmering blue altar of Sif Muna.
  2317 | D:3      | Noticed a scorpion
  2324 | D:3      | Killed a scorpion
  2325 | D:3      | Reached skill level 5 in Short Blades
  2325 | D:3      | Reached XP level 5. HP: 30/41 MP: 5/5
  2418 | D:3      | Slain by a scorpion

Illustrated notes

Levels and vault maps discovered:
D:1:      dpeg_arrival_lava_altar, layout_basic
D:2:      layout_rooms, serial_aquarium, aquarium_bridge_straight
          [aquarium_subvault_bridge, aquarium_subvault_wall,
          aquarium_subvault_bridge, aquarium_subvault_wall],
          aquarium_bridge_island_small [aquarium_subvault_small_water,
          aquarium_subvault_window, aquarium_subvault_bridge,
          aquarium_subvault_wall, aquarium_subvault_bridge],
          aquarium_window_corner, aquarium_window_1, aquarium_window_2,
          aquarium_view_2b, aquarium_balcony_1b, aquarium_pool_side,
          hellmonk_ecumenical_altar_run_dry, minmay_misc_feat_alley
D:3:      layout_basic, mainiacjoe_overflow_boulevard, uniq_ijyb

Skill      XL: |  1  2  3  4 |
---------------+-------------+-----
Short Blades   | 3 4 5 |  5.3
Fighting       | |  3.0
Dodging        | |  2.6
Stealth        | |  1.7

Action                     |  1- 3 |  4- 6 || total
---------------------------+-------+-------++-------
  Melee: Short sword       |   124 |    21 ||   145
         Mace              |     4 |       ||     4
    Use: Scroll            |     2 |       ||     2
         Potion            |       |     1 ||     1
   Stab: Sleeping          |     6 |     2 ||     8
 Armour: Robe              |    23 |       ||    23
  Dodge: Dodged            |    94 |     8 ||   102

Table legend: (Time is in decaauts)
 A = Elapsed time spent in this place.
 B = Non-inter-level travel time spent in this place.
 C = Inter-level travel time spent in this place.
 D = Time resting spent in this place.
 E = Time spent auto-exploring this place.
 F = Levels seen in this place.
 G = Mean time per level.
                   A        B        C        D        E       F      G
               +--------+--------+--------+--------+--------+-----+--------+
         Total |   2395 |   2276 |    119 |    333 |   1424 |   3 |  798.3 |
       Dungeon |   2395 |   2276 |    119 |    333 |   1424 |   3 |  798.3 |
               +--------+--------+--------+--------+--------+-----+--------+

Top non-repeatable levels by time:
     D:1: 1002 daAuts
     D:2: 939 daAuts
     D:3: 453 daAuts
